 Dungeon Crawl Stone Soup version 0.20.0-15-g7f486f2 (webtiles) character file.

1890 anfisbena the Skirmisher (level 8, -3/65 HPs)
             Began as a Demonspawn Abyssal Knight on June 16, 2017.
             Was a Priest of Lugonu.
             Slain by a phantom (4 damage)
             ... on level 6 of the Dungeon.
             The game lasted 00:06:39 (7848 turns).

anfisbena the Skirmisher (DsAK)                     Turns: 7848, Time: 00:06:39

Health: -3/65      AC:  6    Str: 14    XL:     8   Next: 92%
Magic:  9/9        EV: 11    Int: 13    God:    Lugonu [***...]
Gold:   309        SH:  5    Dex: 14    Spells: 7/7 levels left

rFire    . . .     SeeInvis .   u - +0 long sword
rCold    . . .     Gourm    .   w - +0 buckler
rNeg     . . .     Faith    .   b - +0 leather armour
rPois    +         Spirit   .   v - +0 helmet
rElec    .         Reflect  .   (no cloak)
rCorr    .         Harm     .   (no gloves)
MR       .....                  (no boots)
Stlth    ++++......             (no amulet)
Regen    0.2/turn               l - ring of poison resistance
MPRegen  0.2/turn               (no ring)

@: no status effects
A: talons 1, molten scales 1, nightstalker 1, spiny 1
a: Depart the Abyss, Bend Space, Banish, Renounce Religion


You were on level 6 of the Dungeon.
You worshipped Lugonu.
Lugonu was most pleased with you.
You were not hungry.

You visited 1 branch of the dungeon, and saw 6 of its levels.
You visited the Abyss 1 time.

You collected 309 gold pieces.

Inventory:

Hand Weapons
 u - a +0 long sword (weapon)
Armour
 b - a +0 leather armour (worn)
 v - a +0 helmet (worn)
 w - a +0 buckler (worn)
 D - a cursed +0 scale mail
Jewellery
 l - a ring of poison resistance (left hand)
Scrolls
 a - a scroll of remove curse
 e - 2 scrolls of random uselessness {unknown}
 f - a scroll of noise {unknown}
 i - a scroll of amnesia {unknown}
 j - a scroll of immolation {unknown}
 q - a scroll of blinking {unknown}
 r - 5 scrolls of teleportation {unknown}
 t - a scroll of enchant armour {unknown}
 x - 2 scrolls of fear {unknown}
 y - a scroll of holy word {unknown}
 z - a scroll of fog {unknown}
 B - a scroll of vulnerability {unknown}
 C - a scroll of identify
Potions
 d - 2 potions of mutation
 g - 3 potions of heal wounds {unknown}
 h - a potion of haste
 k - a potion of agility {unknown}
 o - a potion of flight {unknown}
 p - 2 potions of magic {unknown}
 s - 2 potions of invisibility
 A - 2 potions of lignification {unknown}
Comestibles
 c - 4 bread rations
 m - 3 fruits
 n - 4 meat rations
 E - a chunk of flesh


   Skills:
 + Level 6.6 Fighting
 * Level 6.4 Long Blades
 - Level 1.7 Armour
 - Level 0.8 Dodging
 - Level 5.0 Stealth
 - Level 4.3 Shields
 - Level 2.4 Invocations


You had 7 spell levels left.
You didn't know any spells.

Dungeon Overview and Level Annotations

Branches:
Dungeon (6/15)
 Temple: D:4-7

Altars:
Cheibriados
Elyvilon


Innate Abilities, Weirdness & Mutations

You have sharp toenails.
You are partially covered in molten scales. (AC +2)
You are slightly more attuned to the shadows.
You are partially covered in sharp spines.


Message History

You kill the orc!
Lugonu accepts your kill.
The phantom blinks!
You block the phantom's attack.
You swing at nothing.
You block the phantom's attack.
You closely miss the phantom.
The phantom is moderately damaged.
The phantom is struck by your spines. The phantom barely misses you.
The phantom hits you but does no damage.
You closely miss the phantom. You claw the phantom, but do no damage.
The phantom is heavily damaged.
The phantom hits you!
* * * LOW HITPOINT WARNING * * *
The phantom is struck by your spines. The phantom hits you.
* * * LOW HITPOINT WARNING * * *
You hit the phantom but do no damage.
The phantom is heavily damaged.
The phantom hits you!
* * * LOW HITPOINT WARNING * * *
The phantom blinks!
The phantom hits you.
You die...

#####....#..###.# #W# #...
####.......#...# #.# #...
##........#...### #.# #)..
#.........#..## #.# #...
.........(...# #.# #...
##...........# ##.########...
##.....<....## ##.............
##..........#######..#..(........
..^...........WW@ยง..##...........
.##.......#..#########)..........
.................................
...........###########..........#
.#.........# #..........#
##.........# #..(.......#
#.........# #.....(....#
##.......## #..........# ##.....##
############


You could see 2 phantoms.

Vanquished Creatures
  The ghost of Nicoed the Firebug, a novice DEFE of Vehumet (D:6)
  Prince Ribbit (D:6)
  A necrophage (D:6)
  An ogre (D:6)
  3 centaurs (D:5)
  2 bullfrogs
  A water moccasin skeleton (D:6)
  A scorpion (D:6)
  A crimson imp (D:4)
  2 hounds (D:5)
  An orc priest (D:6)
  2 bullfrog skeletons (D:6)
  Jessica (D:2)
  Ijyb (D:3)
  Natasha (twice) (D:3)
  3 iguanas
  3 orc wizards
  5 worker ants
  A hound zombie (D:5)
  Robin (D:3)
  A gnoll (D:1)
  5 adders
  An adder zombie (D:6)
  An adder skeleton (D:6)
  4 worms
  2 dart slugs (D:1)
  4 leopard geckos
  7 orcs
  A ball python (D:2)
  2 bats (D:2)
  5 giant cockroaches
  15 goblins
  8 hobgoblins
  9 jackals
  7 kobolds
  7 quokkas
  4 frilled lizards
  A leopard gecko skeleton (D:4)
  A quokka skeleton (D:6)
  A quokka zombie (D:5)
  6 rats
126 creatures vanquished.

Vanquished Creatures (others)
  A goblin (D:2)
  A ball python (D:2)
2 creatures vanquished.

Grand Total: 128 creatures vanquished

Notes
Turn   | Place    | Note
-------+----------+-------------------------------------------
     0 | Abyss:1  | anfisbena the Demonspawn Abyssal Knight began the quest for the Orb.
     0 | Abyss:1  | Reached XP level 1. HP: 18/18 MP: 2/2
    21 | Abyss:1  | Found a corrupted altar of Lugonu.
    50 | Abyss:1  | Noticed a sixfirhy
    54 | D:1      | Escaped the Abyss
   445 | D:1      | Gained mutation: You are slightly more attuned to the shadows. [demonic ancestry]
   445 | D:1      | Reached XP level 2. HP: 9/25 MP: 3/3
   854 | D:1      | Reached skill level 1 in Stealth
   871 | D:1      | Gained mutation: You are partially covered in molten scales. (AC +2) [demonic ancestry]
   871 | D:1      | Reached XP level 3. HP: 15/30 MP: 4/4
  1053 | D:1      | Reached * piety under Lugonu
  2259 | D:2      | Noticed Jessica
  2273 | D:2      | Killed Jessica
  2273 | D:2      | Gained mutation: You are partially covered in sharp spines. [demonic ancestry]
  2273 | D:2      | Reached XP level 4. HP: 28/37 MP: 5/5
  2573 | D:2      | Found a white marble altar of Elyvilon.
  2906 | D:3      | Reached XP level 5. HP: 27/42 MP: 6/6
  3118 | D:3      | Noticed Robin
  3120 | D:3      | Reached ** piety under Lugonu
  3146 | D:3      | Killed Robin
  3435 | D:3      | Noticed Natasha
  3443 | D:3      | Killed Natasha
  3664 | D:3      | Noticed Natasha
  3684 | D:3      | Killed Natasha
  3684 | D:3      | Reached skill level 5 in Stealth
  4117 | D:3      | Noticed Ijyb
  4132 | D:3      | Killed Ijyb
  4133 | D:3      | Found a faded altar of an unknown god.
  4439 | D:4      | Gained mutation: You have sharp toenails. [demonic ancestry]
  4439 | D:4      | Reached XP level 6. HP: 44/48 MP: 7/7
  4546 | D:4      | Reached skill level 1 in Shields
  4617 | D:4      | Got a fine trident
  4618 | D:4      | Identified the cursed +3 trident of Ancient Evil {pain, rPois rC+} (You found it on level 4 of the Dungeon)
  4672 | D:4      | Found a snail-covered altar of Cheibriados.
  5459 | D:5      | Entered Level 5 of the Dungeon
  5655 | D:5      | Reached XP level 7. HP: 54/55 MP: 8/8
  6360 | D:5      | Reached skill level 5 in Fighting
  6447 | D:6      | Noticed Prince Ribbit
  6468 | D:6      | Killed Prince Ribbit
  6468 | D:6      | Reached XP level 8. HP: 36/62 MP: 9/9
  6766 | D:6      | Noticed Nicoed's ghost (novice DEFE)
  6784 | D:6      | Killed Nicoed's ghost
  6784 | D:6      | Reached skill level 5 in Long Blades
  7108 | D:6      | Reached *** piety under Lugonu
  7262 | D:6      | Found a snail-covered altar of Cheibriados.
  7848 | D:6      | HP: 1/65 [phantom (7)]
  7848 | D:6      | Slain by a phantom

Skill      XL: |  1  2  3  4  5  6  7  8 |
---------------+-------------------------+-----
Stealth        | 1 3 4 5 |  5.0
Long Blades    | 2 3 6 |  6.4
Fighting       | 4 5 6 |  6.6
Shields        | 2 4 |  4.3
Armour         | |  1.7
Dodging        | |  0.8
Invocations    | |  2.4

Action                   |  1- 3 |  4- 6 |  7- 9 || total
-------------------------+-------+-------+-------++-------
Melee: Falchion          |   106 |    34 |       ||   140
       Long sword        |       |    76 |   151 ||   227
       Trident           |       |    28 |     3 ||    31
       Kick              |       |    12 |    45 ||    57
Invok: Depart the Abyss  |     1 |       |       ||     1
  Use: Scroll            |       |     2 |     2 ||     4
 Stab: Sleeping          |     3 |    11 |    10 ||    24
  Eat: Chunk             |     4 |    10 |     7 ||    21
       Fruit             |       |     1 |       ||     1
Armor: Leather armour    |    28 |    46 |    29 ||   103
Dodge: Dodged            |    68 |    71 |    70 ||   209
Block: Buckler           |       |     9 |    38 ||    47
       Rpst.: Falchion   |    20 |     4 |       ||    24
       Long sword        |       |    13 |    26 ||    39
